 Dungeon Crawl Stone Soup version 0.29.1-15-g9cfb28693d (webtiles) character file.

Game seed: 12032452192729166181

1229 growler the Grappler (level 8, -4/86 (105) HPs)
             Began as a Yellow Draconian Transmuter on Mar 4, 2023.
             Was an Initiate of Wu Jian.
             Slain by a wight
             ... wielding a +0 great sword
              (15 damage)
             ... on level 6 of the Dungeon.
             The game lasted 00:19:42 (6789 turns).

growler the Grappler (Yellow Draconian Transmuter)  Turns: 6789, Time: 00:19:43

HP:   -4/86 (105)   AC:  5    Str: 13    XL:     8   Next: 24%
MP:   8/12          EV: 10    Int: 16    God:    Wu Jian [......]
Gold: 317           SH:  0    Dex: 11    Spells: 3/13 levels left

rFire   x . .      SeeInvis +     - Unarmed
rCold   + + +      Faith    .   (shield currently unavailable)
rNeg    . . .      Spirit   .   (body armour unavailable)
rPois   +          Reflect  .   (helmet currently unavailable)
rElec   .          Harm     .   (cloak currently unavailable)
rCorr   .          Rampage  .   (gloves currently unavailable)
Will    .....                   (boots currently unavailable)
Stlth   ..........              (no amulet)
HPRegen 0.24/turn               e - ring of see invisible
MPRegen 0.13/turn               m - +4 ring of slaying

@: berserking, ice-form, wereblooded, heavily drained, very quick
A: freezing attack, amphibious, boosted hp, (spit acid), AC +6, large, unfitting
armour, (cold-blooded), (acid resistance)
a: End Transformation, Renounce Religion


You were on level 6 of the Dungeon.
You worshipped Wu Jian.
Wu Jian was noncommittal.
You were a creature of crystalline ice.
You visited 2 branches of the dungeon, and saw 7 of its levels.

You collected 317 gold pieces.

Inventory:

Missiles
 b - a throwing net
Armour
 f - a +0 pair of gloves
Jewellery
 e - a ring of see invisible (left front paw)
 m - a +4 ring of slaying (right front paw)
Wands
 s - a wand of flame (21)
 x - a wand of polymorph (9)
Scrolls
 c - a scroll of amnesia
 d - a scroll of vulnerability
 g - a scroll of teleportation {unknown}
 k - 3 scrolls of fear
 l - a scroll of torment {unknown}
 n - a scroll of poison {unknown}
 p - a scroll of brand weapon {unknown}
 r - a scroll of enchant armour {unknown}
 t - a scroll of summoning {unknown}
 u - a scroll of blinking
Potions
 a - 2 potions of lignification
 i - 3 potions of attraction
 j - 4 potions of curing
 o - a potion of brilliance
 q - a potion of flight
 v - a potion of mutation
 w - a potion of heal wounds
 z - a potion of haste {unknown}


   Skills:
 - Level 1.1 Fighting
 - Level 1.7 Dodging
 + Level 9.5 Unarmed Combat
 - Level 3.0 Spellcasting
 - Level 4.0 Transmutations


You had 3 spell levels left.
You knew the following spells:

 Your Spells              Type           Power      Damage    Failure   Level
a - Beastly Appendage     Tmut           30%        N/A       3%          1
b - Wereblood             Tmut           15%        N/A       5%          2
c - Spider Form           Tmut/Pois      8%         N/A       24%         3
d - Ice Form              Ice/Tmut       8%         N/A       63%         4

Your spell library contained the following spells:

 Spells                   Type           Power      Damage    Failure   Level
 Ensorcelled Hibernation  Hex/Ice        4%         N/A       28%         2
 Sublimation of Blood     Necr           2%         N/A       28%         2
 Inner Flame              Hex/Fire       2%         N/A       50%         3
 Petrify                  Tmut/Erth      8%         N/A       63%         4
 Anguish                  Hex/Necr       1%         N/A       88%         4
 Cause Fear               Hex            1%         N/A       88%         4
 Irradiate                Conj/Tmut      4%         3d13      92%         5
 Discord                  Hex            1%         N/A       100%        8


Dungeon Overview and Level Annotations

Branches:
Dungeon (6/15)             Temple (1/1) D:6

Altars:
Ashenzari
Cheibriados
Dithmenos
Fedhas
Gozag
Kikubaaqudgha
Nemelex Xobeh
Qazlal
Ru
Sif Muna
Wu Jian
Xom
Zin
The Shining One

Shops:
D:2 [


Innate Abilities, Weirdness & Mutations

You are a creature of crystalline ice.
You have a powerful freezing melee attack.
You are amphibious.
Your maximum health is increased.
Your armour is entirely melded.
You are incapable of wielding weapons or throwing items.
((You can spit globs of acid.))
((Your golden yellow scales are hard. (AC +6)))
You cannot fit into any form of body armour.
((You are cold-blooded and may be slowed by cold attacks.))
((You are resistant to acid. (rCorr)))


Message History

The wight hits you with a +0 hand axe of flaming.
You feel drained. The wight melts you. The wight closely misses you.
The orc wizard splashes around in the water.
Unknown command.
You feel better.
The wight splashes around in the water.
The orc wizard hits you with a +0 dagger.
The wight hits you with a +0 spear.
You feel drained.
The orc splashes around in the water.
The wight closely misses you.
The wight hits you with a +0 hand axe of flaming.
You feel drained. The wight melts you.
The orc wizard splashes around in the water.
The wight splashes around in the water.
Unknown command.
The wight closely misses you.
The wight hits you with a +0 hand axe of flaming!
You feel drained. The wight melts you.
The orc wizard splashes around in the water.
The wight hits you from afar with a +0 spear.
* * * LOW HITPOINT WARNING * * *
You feel drained.
* * * LOW HITPOINT WARNING * * *
You howl as the wereblood boils in your veins!
The wight barely misses you.
The wight hits you from afar with a +0 spear!
* * * LOW HITPOINT WARNING * * *
You feel drained.
* * * LOW HITPOINT WARNING * * *
Unknown command.
A red film seems to cover your vision as you go berserk!
You feel yourself moving faster!
You feel mighty! The wight barely misses you. x2
The wight hits you with a +0 hand axe.
* * * LOW HITPOINT WARNING * * *
You feel drained. The wight misses you.
You pummel the orc!! You freeze the orc.
You feel a bit better.
You kill the orc!
The Council accepts your kill.
You hear a splash.
The wight hits you with a +0 great sword!
You die...

..............# ..........
.......#..##..# ..........
..........##..## ....oe.z..
..........##...# ... .z...
..............### ##)# ..o...
..#..........##.####)####...#
..#................#>#.#.z#
^.............~§~zz#..[!..#
.........~~§Yz....#......#
........§~§§z§§[.####.....#
........~§§>~oz...# #...##
........~§~~§~§....# ##..#
..)......~~§~~....## .#
.........§~~.....# .
.......#..#.##....
#...#.#..!.# .....
..##.##>... ###..


You could see 5 wights and an orc wizard.

Vanquished Creatures
  Sigmund (D:4)
  Duvessa (D:6)
  A sky beast (D:6)
  A phantom (D:5)
  Blork the orc (D:5)
  A necrophage (D:6)
  A bullfrog (D:6)
  2 scorpions
  Dowan (D:6)
  2 hounds
  Crazy Yiuf (D:2)
  An orc priest (D:6)
  An iron imp (D:5)
  4 iguanas
  2 orc wizards (D:6)
  5 adders
  2 white imps
  An ufetubus (D:4)
  A worm (D:3)
  2 dart slugs
  11 orcs
  7 bats
  7 endoplasms
  4 giant cockroaches
  9 hobgoblins
  2 kobolds
  3 quokkas
  14 ball pythons
  2 frilled lizards (D:1)
  9 goblins
  2 rats
102 creatures vanquished.

Vanquished Creatures (others)
  2 demonic plants (D:2)
2 creatures vanquished.

Grand Total: 104 creatures vanquished

Notes
Turn   | Place    | Note
-------+----------+-------------------------------------------
     0 | D:1      | growler the Draconian Transmuter began the quest for the
                  | Orb.
     0 | D:1      | Reached XP level 1. HP: 16/16 MP: 3/3
   453 | D:1      | Reached XP level 2. HP: 23/23 MP: 3/5
   504 | D:1      | Learned a level 2 spell: Wereblood
  1260 | D:1      | Reached XP level 3. HP: 26/26 MP: 4/6
  1264 | D:1      | Learned a level 3 spell: Spider Form
  1512 | D:2      | Found Norghomp's Armour Boutique.
  1911 | D:2      | Found a faded altar of an unknown god.
  2244 | D:2      | Found a runed translucent door.
  2246 | D:2      | Noticed Crazy Yiuf
  2259 | D:2      | Killed Crazy Yiuf
  2260 | D:2      | Reached XP level 4. HP: 27/35 MP: 0/8
  3052 | D:3      | Reached skill level 4 in Unarmed Combat
  3127 | D:3      | Reached XP level 5. HP: 38/40 MP: 9/9
  3137 | D:3      | Learned a level 4 spell: Ice Form
  4866 | D:5      | Entered Level 5 of the Dungeon
  4866 | D:5      | Noticed Sigmund
  4866 | D:5      | Noticed Blork the orc
  4877 | D:4      | Killed Sigmund
  4878 | D:4      | Reached skill level 5 in Unarmed Combat
  4878 | D:4      | Reached XP level 6. HP: 25/47 MP: 7/10
  5030 | D:5      | Killed Blork the orc
  5031 | D:5      | Reached skill level 6 in Unarmed Combat
  5156 | D:5      | Found a shimmering altar of Xom.
  5236 | D:5      | Your scales start taking on a golden yellow colour.
  5236 | D:5      | Reached XP level 7. HP: 36/52 MP: 11/11
  5236 | D:5      | Gained mutation: You are resistant to acid. (rCorr) [Yellow
                  | Draconian growth]
  5331 | D:5      | Reached skill level 7 in Unarmed Combat
  5428 | D:5      | Found a snail-covered altar of Cheibriados.
  6150 | D:6      | Found a staircase to the Ecumenical Temple.
  6160 | Temple   | Entered the Ecumenical Temple
  6167 | Temple   | Became a worshipper of the Wu Jian Council
  6186 | D:6      | Reached skill level 8 in Unarmed Combat
  6234 | D:6      | Noticed Duvessa
  6237 | D:6      | Noticed Dowan
  6248 | D:6      | Killed Duvessa
  6249 | D:6      | Reached XP level 8. HP: 40/59 MP: 4/12
  6254 | D:6      | Reached skill level 9 in Unarmed Combat
  6262 | D:6      | HP: 2/59 [Dowan/+5 dagger of speed (3)]
  6778 | D:6      | Killed Dowan
  6789 | D:6      | Slain by a wight

Illustrated notes

Levels and vault maps discovered:
D:1:      giann_wishing_wells, layout_basic, minmay_misc_feat_room
D:2:      layout_basic, serial_shops, nicolae_square_shop,
          shapermc_ecumenical_altar_gd, uniq_crazy_yiuf_cottage
D:3:      minmay_chambers_of_twos, layout_loops_cross,
          hangedman_abyss_or_decor_stabs
D:4:      layout_layer_cave, saegor_snake_ambush
D:5:      layout_cave_pods, slow_altar_1, mainiacjoe_overflow_brackets,
          uniq_sigmund, uniq_blork_the_orc
D:6:      layout_cave_pools, nicolae_yredelemnul_ghost_church,
          gammafunk_temple_overflow_pools, minmay_temple_entry_mist,
          serial_shops, nicolae_shop_trees, nicolae_shop_self_help, uniq_duvessa
Temple:   nicolae_temple_no_exploring_needed

Skill      XL: |  1  2  3  4  5  6  7  8 |
---------------+-------------------------+-----
Transmutations | 3 4 |  4.0
Spellcasting   | 3 |  3.0
Unarmed Combat | 4 5 6 8 9 |  9.5
Fighting       | |  1.1
Dodging        | |  1.7

Action                   |  1- 3 |  4- 6 |  7- 9 || total
-------------------------+-------+-------+-------++-------
Melee: Unarmed           |   109 |   108 |    52 ||   269
       Kick              |     6 |     1 |     1 ||     8
       Punch             |     3 |     1 |     1 ||     5
       Headbutt          |     1 |       |       ||     1
       Tailslap          |     8 |    15 |     4 ||    27
 Cast: Beastly Appendage |     4 |     3 |     1 ||     8
       Spider Form       |     1 |     3 |     2 ||     6
       Wereblood         |       |     1 |     4 ||     5
       Ice Form          |       |       |     1 ||     1
Invok: Lunge             |       |       |     3 ||     3
 Abil: Breathe Acid      |       |       |     4 ||     4
  Use: Scroll            |     2 |     8 |     3 ||    13
       Potion            |       |       |     4 ||     4
 Stab: Sleeping          |     1 |     2 |       ||     3
Armor: Skin              |    22 |    30 |     7 ||    59
Dodge: Dodged            |    69 |    66 |    27 ||   162
